 Dungeon Crawl Stone Soup version 0.31.0 (webtiles) character file.

Game seed: 1135532450147771480

109 qw the Shooter (level 4, -2/28 HPs)
             Began as a Gargoyle Hunter on Jan 19, 2024.
             Slain by a goblin
             ... wielding a +0 club
             ... led by Robin
              (3 damage)
             ... on level 2 of the Dungeon.
             The game lasted 00:00:05 (1117 turns).

qw the Shooter (Gargoyle Hunter)                    Turns: 1117, Time: 00:00:05

Health: -2/28      AC:  7    Str: 15    XL:     4   Next: 90%
Magic:  4/4        EV: 11    Int:  9    God:
Gold:   119        SH:  0    Dex: 15    Spells: 3/3 levels left

rFire   . . .        a - +0 shortbow
rCold   . . .        (shield currently unavailable)
rNeg    + . .        c - +0 leather armour
rPois   inf          (no helmet)
rElec   +            (no cloak)
rCorr   .            (no gloves)
SInv    .            d - +0 pair of boots
Will    .....        (no amulet)
Stlth   ++           (no ring)
HPRegen 0.24/turn    (no ring)
MPRegen 0.09/turn

%: no passive effects
@: no status effects
A: sickness immunity, AC +3, negative energy resistance 1, electricity
resistance, torment resistance 1, petrification resistance
a: no special abilities


You were on level 2 of the Dungeon.
You visited 1 branch of the dungeon, and saw 2 of its levels.

You collected 119 gold pieces.


Innate Abilities, Weirdness & Mutations

You are immune to sickness and miasma.
Your stone body is resilient. (AC +3)
You are immune to poison.
You resist negative energy. (rN+)
You are resistant to electric shocks. (rElec)
You are resistant to unholy torment.
You are immune to petrification.


   Skills:
 - Level 3.5 Fighting
 + Level 5.5 Ranged Weapons
 - Level 1.5 Dodging
 - Level 1.1 Stealth


You had 3 spell levels left.
You didn't know any spells.
Your spell library was empty.

Inventory:

Hand Weapons
 a - a +0 shortbow (weapon)
Armour
 b - a +0 ring mail
 c - a +0 leather armour (worn)
 d - a +0 pair of boots (worn)
Jewellery
 f - a ring of ice
Potions
 e - a potion of haste
 g - a potion of curing {unknown}

Dungeon Overview and Level Annotations

Branches:
Dungeon (2/15)

Altars:

Annotations:
D:2 Robin


Message History

The hobgoblin hits you but does no damage.
You shoot an arrow.
The arrow hits the hobgoblin but does no damage.
The hobgoblin is moderately wounded.
The hobgoblin no longer looks unusually strong.
The goblin misses you. The hobgoblin closely misses you.
You shoot an arrow. The arrow hits the hobgoblin!
You kill the hobgoblin!
The goblin hits you but does no damage.
Robin roars a battlecry!
The hobgoblin goes into a battle-frenzy!
You shoot an arrow.
The arrow hits the hobgoblin but does no damage.
The goblin no longer looks unusually strong.
The hobgoblin hits you. The goblin hits you but does no damage.
You shoot an arrow. The arrow hits the hobgoblin.
The hobgoblin is heavily wounded.
The goblin barely misses you.
The hobgoblin hits you but does no damage.
Robin roars a battlecry!
The goblin goes into a battle-frenzy!
The goblin hits you but does no damage. The hobgoblin hits you.
You shoot an arrow. The arrow closely misses the hobgoblin.
The arrow hits Robin.
Robin is lightly wounded.
The goblin hits you with a +0 club. The hobgoblin closely misses you.
You shoot an arrow. The arrow hits the hobgoblin.
You kill the hobgoblin!
The goblin misses you.
You shoot an arrow. The arrow hits the hobgoblin.
You kill the hobgoblin!
The goblin closely misses you.
You shoot an arrow. The arrow hits Robin.
Robin is moderately wounded.
Robin hits you but does no damage. The goblin hits you with a +0 club.
You shoot an arrow. The arrow hits Robin.
Robin is heavily wounded.
Robin hits you with a +1 vampiric dagger.
The goblin hits you with a +0 club.
You die...

# #.####### #
#:......# # #.###...#
## ##.# #...#
.#####..####### ###
.....<......... ..)
#####.######### ..
#....#########.#
#....#.....g@g)#
##......######### #
.........## ..
####......#######..##
#.........>.....>.
##................
##......#.####..#
###..)...##....%.#
.....####....###......


You could see Robin and a goblin (strong).

Vanquished Creatures
  Terence (D:2)
  3 adders
  2 dart slugs (D:1)
  5 bats
  5 endoplasms
  A giant cockroach (D:1)
  12 goblins
  8 hobgoblins
  2 quokkas
  5 ball pythons
  2 frilled lizards
  A kobold (D:1)
  A rat (D:1)
48 creatures vanquished.

Notes
Turn   | Place    | Note
-------+----------+-------------------------------------------
     0 | D:1      | qw the Gargoyle Hunter began the quest for the Orb.
     0 | D:1      | Reached XP level 1. HP: 12/12 MP: 1/1
     0 | D:1      | 0 ||| qw: Version: 0.3-a-132-g3d54051
     0 | D:1      | 0 ||| qw: Game counter: 59
     0 | D:1      | 0 ||| qw: Melee chars always use a shield: true
     0 | D:1      | 0 ||| qw: God list: Okawaru
     0 | D:1      | 0 ||| qw: Allow faded altars: false
     0 | D:1      | 0 ||| qw: Do Orc after clearing Dungeon:15 true
     0 | D:1      | 0 ||| qw: Do second Lair branch before Depths: true
     0 | D:1      | 0 ||| qw: Lair rune preference: random
     0 | D:1      | 0 ||| qw: Goals: Normal
     0 | D:1      | 0 ||| PLANNING D:1-11
   133 | D:1      | Reached XP level 2. HP: 17/17 MP: 2/2
   479 | D:1      | Reached XP level 3. HP: 19/21 MP: 3/3
   525 | D:1      | Reached skill level 5 in Ranged Weapons
   773 | D:1      | 773 ||| UPGRADING to +0 pair of boots.
   778 | D:1      | 778 ||| READING 3 scrolls labelled SIWISI FIEDO.
   779 | D:1      | 779 ||| DRINKING 2 emerald potions.
   780 | D:1      | 780 ||| DROPPING scroll of butterflies.
   781 | D:1      | 781 ||| DROPPING 2 scrolls of fog.
   809 | D:2      | 809 ||| STAIRDANCE
   819 | D:2      | Noticed Terence
   824 | D:2      | Killed Terence
   825 | D:2      | Reached skill level 3 in Fighting
   825 | D:2      | Reached XP level 4. HP: 28/28 MP: 4/4
   854 | D:2      | 854 ||| FLEEEEING.
  1093 | D:2      | Noticed Robin
  1113 | D:2      | HP: 5/28 [goblin/+0 club[Robin] (5)]
  1116 | D:2      | HP: 2/28 [goblin/+0 club[Robin] (4)]
  1117 | D:2      | Slain by a goblin

Levels and vault maps discovered:
D:1:      ncdulo_lavacross, layout_loops_cross
D:2:      layout_rooms, uniq_robin, uniq_terence

Skill      XL: |  1  2  3 |
---------------+----------+-----
Ranged Weapons | 5 |  5.5
Fighting       | 3 |  3.5
Dodging        | |  1.5
Stealth        | |  1.1

Action                     |  1- 3 |  4- 6 || total
---------------------------+-------+-------++-------
   Fire: Shortbow          |   109 |    77 ||   186
    Use: Scroll            |     1 |       ||     1
         Potion            |     1 |       ||     1
 Armour: Leather armour    |    29 |    49 ||    78
  Dodge: Dodged            |    24 |    31 ||    55

Table legend:
 A = Non-vault XP
 B = Vault XP
 C = Vault XP percentage of total XP
 D = Non-vault monster count
 E = Vault monster count
 F = Vault count percentage of total count
                 A         B        C        D         E       F
            +---------+---------+-------+---------+---------+-------
      Total |     100 |      57 |  36.3 |      36 |      12 |  25.0
            +---------+---------+-------+---------+---------+-------
        D:1 |      60 |       0 |   0.0 |      25 |       0 |   0.0
        D:2 |      40 |      57 |  58.8 |      11 |      12 |  52.2
            +---------+---------+-------+---------+---------+-------
